 Dungeon Crawl Stone Soup version 0.26-a0-651-gb41185065b (webtiles) character file.

Game seed: 10470863416611216041

0 Gargoyl the Skirmisher (level 1, 0/23 HPs)
             Began as a Gnoll Abyssal Knight on Sept 29, 2020.
             Was a Follower of Lugonu.
             Slain by a reaper
             ... wielding a +0 scythe of protection
              (23 damage)
             ... on level 2 of the Abyss.
             The game lasted 00:00:57 (66 turns).

Gargoyl the Skirmisher (Gnoll Abyssal Knight)         Turns: 66, Time: 00:00:59

Health: 0/23       AC:  3    Str: 14    XL:     1   Next: 0%
Magic:  3/3        EV: 12    Int: 14    God:    Lugonu [*.....]
Gold:   0          SH:  0    Dex: 14    Spells: 0/0 levels left

rFire    . . .     SeeInvis .   a - +1 hand axe
rCold    . . .     Faith    .   (no shield)
rNeg     . . .     Spirit   .   b - +0 leather armour
rPois    .         Reflect  .   (no helmet)
rElec    .         Harm     .   (no cloak)
rCorr    .         Rampage  .   (no gloves)
MR       .....                  (no boots)
Stlth    +.........             (no amulet)
HPRegen  0.07/turn              (no ring)
MPRegen  0.08/turn              (no ring)

@: no status effects
A: distributed training, fangs 1, strong nose
a: Depart the Abyss, Renounce Religion


You were on level 2 of the Abyss.
You worshipped Lugonu.
Lugonu was aware of your devotion.
You visited 0 branches of the dungeon, and saw 0 of its levels.
You visited the Abyss 1 time.

Inventory:

Hand Weapons
 a - a +1 hand axe (weapon)
Armour
 b - a +0 leather armour (worn)
 c - a +0 ring mail
Wands
 d - a wand of enslavement (3)
 e - a wand of flame (29)


   Skills:
 + Level 6.4 Fighting
 + Level 0.0 Short Blades
 + Level 0.0 Long Blades
 + Level 4.4 Axes
 + Level 0.0 Maces & Flails
 + Level 0.0 Polearms
 + Level 0.0 Staves
 + Level 0.0 Slings
 + Level 0.0 Bows
 + Level 0.0 Crossbows
 + Level 0.0 Throwing
 + Level 4.4 Armour
 + Level 2.3 Dodging
 + Level 0.0 Stealth
 + Level 0.0 Shields
 + Level 0.0 Unarmed Combat
 + Level 0.0 Spellcasting
 + Level 0.0 Conjurations
 + Level 0.0 Hexes
 + Level 0.0 Summonings
 + Level 0.0 Necromancy
 + Level 0.0 Translocations
 + Level 0.0 Transmutations
 + Level 0.0 Fire Magic
 + Level 0.0 Ice Magic
 + Level 0.0 Air Magic
 + Level 0.0 Earth Magic
 + Level 0.0 Poison Magic
 + Level 4.4 Invocations
 + Level 0.0 Evocations


You couldn't memorise any spells.
You didn't know any spells.
Your spell library was empty.

Dungeon Overview and Level Annotations

Branches:
Dungeon (0/15)

Altars:


Innate Abilities, Weirdness & Mutations

Your experience applies equally to all skills.
You have very sharp teeth.
Your uncanny sense of smell can sniff out nearby items.


Message History

Press: ? - help, Dir - move target cursor, f - reaper, p - small abomination
Aim: a reaper, wielding a +0 scythe of protection Attack!
Your small abomination hits the reaper but does no damage.
The reaper hits your small abomination with a +0 scythe of protection!
Your small abomination barely misses the reaper.
Your small abomination barely misses the reaper.
The reaper hits your small abomination with a +0 scythe of protection!!
Your small abomination is destroyed!
Aiming: Enslavement
Press: ? - help, Shift-Dir - straight line, f/p - reaper
Aim: a reaper, wielding a +0 scythe of protection (chance to defeat MR: 1%)
The reaper resists with almost no effort.
Aiming: Enslavement
Press: ? - help, Shift-Dir - straight line, f/p - reaper
Aim: a reaper, wielding a +0 scythe of protection (chance to defeat MR: 1%)
The reaper resists with almost no effort.
The reaper hits you from afar with a +0 scythe of protection!!
Ouch! That really hurt!
You die...

# .##.#.# # #
# #...
.#...###.#
#.. #
###.###∆
.#.###..##...
# .##...
#..##.#
#...#.
#....... #
.####..2# # .
##
#.##..####.
#..@......#
#.###.##....#
#.# ..#.. #..
# # ..#. .
..### #. #.#
##


You could see a reaper.

Vanquished Creatures (others)
  A small abomination (Abyss:2)
1 creature vanquished.

Notes
Turn   | Place    | Note
-------+----------+-------------------------------------------
     0 | Abyss:1  | Gargoyl the Gnoll Abyssal Knight began the quest for the
                  | Orb.
     0 | Abyss:1  | Reached XP level 1. HP: 23/23 MP: 3/3
     1 | Abyss:1  | Found a corrupted altar of Lugonu.
    26 | Abyss:2  | Noticed a small abomination
    58 | Abyss:2  | Noticed a reaper
    66 | Abyss:2  | Slain by a reaper

Illustrated notes

Levels and vault maps discovered:
Abyss:2

Action                   || total
-------------------------++-------
Evoke: Wand              ||     3
Dodge: Dodged            ||     3

Table legend: (Time is in decaauts)
 A = Elapsed time spent in this place.
 B = Non-inter-level travel time spent in this place.
 C = Inter-level travel time spent in this place.
 D = Time resting spent in this place.
 E = Time spent auto-exploring this place.
 F = Levels seen in this place.
 G = Mean time per level.
                   A        B        C        D        E       F      G
               +--------+--------+--------+--------+--------+-----+--------+
         Total |     65 |     65 |      0 |      0 |     19 |   2 |   32.5 |
         Abyss |     65 |     65 |      0 |      0 |     19 |   2 |   32.5 |
               +--------+--------+--------+--------+--------+-----+--------+

Top non-repeatable levels by time:
 Abyss:2: 42 daAuts
 Abyss:1: 23 daAuts
